 Dungeon Crawl Stone Soup version 0.21-a0-140-g479285b (webtiles) character file.

1448 drasked the Sneak (level 8, -3/44 HPs)
             Began as a Deep Elf Wizard on July 21, 2017.
             Was an Initiate of Vehumet.
             Slain by an orc warrior
             ... wielding a +0 trident
              (26 damage)
             ... on level 6 of the Dungeon.
             The game lasted 00:42:04 (7927 turns).

drasked the Sneak (Deep Elf Wizard)                 Turns: 7927, Time: 00:42:05

Health: -3/44      AC:  2    Str:  4    XL:     8   Next: 46%
Magic:  3/16       EV: 15    Int: 26    God:    Vehumet [......]
Gold:   253        SH:  0    Dex: 16    Spells: 2/15 levels left

rFire    . . .     SeeInvis .   s - +2 dagger (speed)
rCold    . . .     Gourm    .   (no shield)
rNeg     . . .     Faith    .   a - +0 robe
rPois    .         Spirit   .   b - +0 hat
rElec    .         Reflect  .   (no cloak)
rCorr    .         Harm     .   (no gloves)
MR       .....                  (no boots)
Stlth    ++++......             (no amulet)
HPRegen  0.14/turn              t - ring of flight {+Fly, !d}
MPRegen  0.15/turn              h - +3 ring of dexterity

@: no status effects
A: no striking features
a: Renounce Religion, Evoke Flight


You were on level 6 of the Dungeon.
You worshipped Vehumet.
Vehumet was noncommittal.
You were hungry.

You visited 2 branches of the dungeon, and saw 7 of its levels.

You collected 253 gold pieces.

Inventory:

Hand Weapons
 s - a +2 dagger of speed (weapon)
   (You took it off an orc on level 3 of the Dungeon)
Armour
 a - a +0 robe (worn)
 b - a +0 hat (worn)
 y - the +2 pair of boots of Contentment {+Blink rElec rC+, unknown}
   (You found it on level 5 of the Dungeon)

   It protects you from cold.
   It insulates you from electricity.
   It lets you blink.
Jewellery
 h - a +3 ring of dexterity (right hand)
   (You found it on level 1 of the Dungeon)
 t - a ring of flight (left hand) {+Fly, !d}
   (You found it on level 3 of the Dungeon)
 C - an uncursed ring of stealth {unknown}
   (You found it on level 5 of the Dungeon)
Wands
 w - a wand of flame (36/48)
   (You found it on level 4 of the Dungeon)
Scrolls
 e - 3 scrolls of teleportation {unknown}
 f - 3 scrolls of fear {unknown}
 g - 2 scrolls of fog {unknown}
 i - a scroll of amnesia {unknown}
 k - 7 scrolls of remove curse {unknown}
 m - 4 scrolls of enchant armour {unknown}
 n - 4 scrolls of identify {unknown}
 p - a scroll of blinking {unknown}
 r - 5 scrolls of magic mapping {unknown}
 z - a scroll of enchant weapon {unknown}
 B - a scroll of recharging {unknown}
Potions
 j - a potion of lignification {unknown}
 l - a potion of berserk rage {unknown}
 o - a potion of mutation {unknown}
 q - 2 potions of curing
 v - 2 potions of haste
 x - a potion of degeneration {unknown}
 A - a potion of heal wounds {unknown}
Books
 c - a book of Minor Magic
 u - a book of Maledictions
   (You found it on level 4 of the Dungeon)
 D - a book of Clouds
   (You found it on level 6 of the Dungeon)
Comestibles
 d - 6 bread rations {@e1}
 E - 3 chunks of flesh {@w0}


   Skills:
 + Level 1.9 Fighting
 - Level 3.1 Short Blades
 - Level 5.0 Dodging
 + Level 7.4 Stealth
 - Level 4.4 Spellcasting
 - Level 4.1 Conjurations
 * Level 5.9 Hexes
   Level 1.1 Summonings
 - Level 1.1 Translocations
 - Level 1.0 Air Magic
 - Level 3.1 Poison Magic


You had 2 spell levels left.
You knew the following spells:

 Your Spells              Type           Power        Failure   Level  Hunger
a - Magic Dart            Conj           ####         1%          1    None
b - Blink                 Tloc           N/A          8%          2    None
c - Ensorcelled Hibernat  Hex/Ice        ###...       3%          2    None
d - Confuse               Hex            #####...     2%          3    ##.....
e - Poisonous Vapours     Pois/Air       ###...       5%          2    None
x - Mephitic Cloud        Conj/Pois/Air  ###.....     8%          3    ##.....


Dungeon Overview and Level Annotations

Branches:
Dungeon (6/15)             Temple (1/1) D:4

Altars:
Ashenzari
Cheibriados
Dithmenos
Elyvilon
Fedhas
Gozag
Kikubaaqudgha
Makhleb
Nemelex Xobeh
Okawaru
Qazlal
Ru
Sif Muna
Trog
Uskayaw
Vehumet
Wu Jian
Xom
Zin
The Shining One


Message History

You may need something to eat soon, looking for food.
Can't find anything matching that.
Okay, then.
An iguana comes into view.
Aim: an iguana (hasn't noticed you)
The magic dart hits the iguana.
The iguana hisses angrily.
You now have 15/16 mp.
Aim: an iguana (moderately wounded)
The magic dart hits the iguana.
You now have 14/16 mp.
Aim: an iguana (heavily wounded)
The magic dart hits the iguana.
You now have 13/16 mp.
Aim: an iguana (almost dead)
The magic dart hits the iguana.
You kill the iguana!
Vehumet accepts your kill.
You now have 12/16 mp.
You may need something to eat soon, looking for food.
Can't find anything matching that.
Okay, then.
An orc comes into view. It is wielding a morningstar.
Aim: an orc, wielding a morningstar and wearing a scale mail (resting)
The magic dart hits the orc.
You now have 12/16 mp.
Aim: an orc, wielding a morningstar and wearing a scale mail The magic dart hits the orc.
Aim: an orc, wielding a morningstar and wearing a scale mail (almost dead)
The magic dart hits the orc.
You now have 11/16 mp.
Aim: an orc, wielding a morningstar and wearing a scale mail (almost dead)
The magic dart hits the orc.
You now have 10/16 mp.
Aim: an orc, wielding a morningstar and wearing a scale mail (almost dead)
The magic dart hits the orc.
You kill the orc!
Vehumet accepts your kill.
You now have 9/16 mp.
An orc warrior comes into view. It is wielding a trident.
Things that are here:
a morningstar; a scale mail; an orc corpse
Aim: an orc warrior, wielding a trident and wearing a chain mail (resting)
The magic dart hits the orc warrior.
The orc warrior shouts!
You now have 9/16 mp.
You butcher the orc corpse.
Items here: % ) [ ÷ a morningstar; a scale mail; 4 chunks of flesh {@w0}; an orc skeleton An orc comes into view.
It is wielding a whip.
Aim: an orc warrior, wielding a trident and wearing a chain mail (lightly wounded, chance to defeat MR: 64%)
The orc warrior appears confused.
The orc shouts!
You now have 6/16 mp.
Aim: an orc, wielding a whip (chance to defeat MR: 79%)
The orc appears confused.
The orc hits the hound zombie with a whip.
A hound zombie comes into view.
You now have 3/16 mp.
Okay, then.
Items here: % ) [ ÷ a morningstar; a scale mail; 4 chunks of flesh {@w0}; an orc skeleton
E - 4 chunks of flesh {@w0} The orc warrior hits the hound zombie with a trident!
Aim: a hound zombie (severely damaged, chance to defeat MR: 76%)
The hound zombie appears confused.
The hound zombie bites the orc.
You now have 1/16 mp.
The hound zombie bites the orc.
The orc hits the hound zombie with a whip.
The orc hits the hound zombie but does no damage.
Eat one of 4 chunks of flesh {@w0}? (ye/n/q)
You eat one of the 4 chunks of flesh {@w0}.
You barely miss the orc warrior. You hit the orc warrior.
The hound zombie bites itself.
The hound zombie is destroyed!
Vehumet accepts your kill.
Things that are here:
a morningstar; a scale mail; an orc skeleton The orc warrior closely misses you.
You are feeling hungry.
You hit the orc warrior but do no damage.
You hit the orc warrior but do no damage.
The orc warrior misses you.
You hit the orc warrior but do no damage.
You hit the orc warrior but do no damage.
The orc warrior closely misses you.
You hit the orc warrior but do no damage.
You hit the orc warrior but do no damage.
The orc warrior seems less confused.
The orc warrior hits you with a trident!
You take 12 damage, and have 32/44 hp.
MASSIVE DAMAGE!!
The orc seems less confused.
The orc warrior hits you with a trident!
You take 10 damage, and have 22/44 hp.
MASSIVE DAMAGE!!
The orc warrior hits you with a trident!!
Ouch! That really hurt!
You die...

#(# ... ####### #.#
.. #.....#####.###.##
#.....#...#.. .$.
#....<#.#.#.##.######
#..>..#.#.#..........
#.........#.#..###.##
#.........#.#..#
####......#.#@.#
#......#.#.o#
#######......#.#..#
..<..#####.#(..#..#
####.# #.#...#..# #.#
#.....#.o# #.#
#...#.#... #.#
#...#.#.##. ###
###..##.# .


You could see an orc warrior and an orc.

Vanquished Creatures
  Grinder (D:6)
  2 ogres
  The ghost of Wingboner the Changer, an amateur DsTm of Sif Muna (D:3)
  4 wights (D:6)
  A centaur zombie (D:5)
  A bullfrog zombie (D:6)
  3 orc priests
  3 hounds (D:4)
  3 orc wizards
  An iguana (D:6)
  8 worker ants
  Terence (D:2)
  A hound zombie (D:6)
  3 gnolls (D:3)
  9 adders
  A shadow imp (D:5)
  2 oozes (D:1)
  An adder zombie (D:5)
  5 worms
  5 dart slugs
  3 leopard geckos
  27 orcs
  A ball python (D:3)
  4 giant cockroaches
  7 goblins
  8 hobgoblins
  6 jackals
  8 bats
  9 frilled lizards
  8 kobolds
  14 rats
151 creatures vanquished.

Notes
Turn   | Place    | Note
-------+----------+-------------------------------------------
     0 | D:1      | drasked the Deep Elf Wizard began the quest for the Orb.
     0 | D:1      | Reached XP level 1. HP: 10/10 MP: 7/7
   125 | D:1      | Reached skill level 2 in Conjurations
   167 | D:1      | Reached XP level 2. HP: 15/15 MP: 0/9
   538 | D:1      | Reached skill level 3 in Conjurations
   638 | D:1      | Reached XP level 3. HP: 18/19 MP: 1/10
  1171 | D:2      | Noticed Terence
  1542 | D:2      | Reached skill level 4 in Conjurations
  1666 | D:2      | Reached XP level 4. HP: 24/24 MP: 6/12
  1687 | D:2      | Learned a level 2 spell: Blink
  1691 | D:2      | Learned a level 3 spell: Mephitic Cloud
  1764 | D:2      | Found a sacrificial altar of Ru.
  1896 | D:2      | Found an iron altar of Okawaru.
  1965 | D:2      | Reached skill level 1 in Short Blades
  2057 | D:2      | Killed Terence
  2067 | D:2      | Reached skill level 1 in Air Magic
  2212 | D:3      | Reached skill level 1 in Poison Magic
  2258 | D:3      | Found a stormy altar of Qazlal.
  2287 | D:3      | Reached XP level 5. HP: 24/28 MP: 5/13
  2406 | D:3      | Reached skill level 2 in Poison Magic
  2444 | D:3      | Noticed Wingboner's ghost (amateur DsTm)
  3229 | D:3      | Reached skill level 3 in Poison Magic
  3393 | D:3      | Reached skill level 3 in Stealth
  3582 | D:3      | Killed Wingboner's ghost
  3582 | D:3      | Reached skill level 2 in Short Blades
  3582 | D:3      | Reached skill level 4 in Stealth
  3582 | D:3      | Reached XP level 6. HP: 19/32 MP: 1/14
  3947 | D:4      | Found a staircase to the Ecumenical Temple.
  3955 | Temple   | Entered the Ecumenical Temple
  4124 | Temple   | Became a worshipper of Vehumet
  4236 | D:4      | HP: 4/32 [orc priest/divine providence (14)]
  4713 | D:4      | Reached skill level 3 in Short Blades
  4713 | D:4      | Reached skill level 5 in Stealth
  4756 | D:4      | Reached skill level 3 in Dodging
  4756 | D:4      | Reached XP level 7. HP: 30/36 MP: 0/15
  5221 | D:4      | Reached skill level 4 in Dodging
  5221 | D:4      | Reached skill level 6 in Stealth
  5820 | D:4      | Learned a level 2 spell: Ensorcelled Hibernation
  5824 | D:4      | Learned a level 3 spell: Confuse
  6342 | D:5      | Entered Level 5 of the Dungeon
  6378 | D:5      | Got a pair of dazzling boots
  6449 | D:5      | Reached skill level 1 in Hexes
  6474 | D:5      | Reached skill level 2 in Hexes
  6838 | D:5      | Found a deep blue altar of Sif Muna.
  6871 | D:5      | Reached skill level 3 in Hexes
  6889 | D:5      | Reached skill level 5 in Dodging
  7319 | D:6      | Noticed Grinder
  7338 | D:6      | Killed Grinder
  7338 | D:6      | Reached skill level 1 in Fighting
  7338 | D:6      | Reached skill level 7 in Stealth
  7338 | D:6      | Reached skill level 4 in Hexes
  7338 | D:6      | Reached XP level 8. HP: 41/43 MP: 8/16
  7519 | D:6      | Reached skill level 5 in Hexes
  7796 | D:6      | Learned a level 2 spell: Poisonous Vapours
  7927 | D:6      | Slain by an orc warrior

Vault maps used:
D:1:      dpeg_arrival_rooms_with_view
D:2:      lemuel_coloured_pillars_altar, okawaru_ov_weapons_minmay, uniq_terence
D:3:      serial_curves, eino_curves_02, eino_curves_02,
          nicolae_qazlal_general_emergency
D:4:      minmay_temple_entry_mist, hangedman_decor_points
D:5:      first_bread, minmay_holes, led_sif_pool
D:6:      serial_curves, eino_curves_04, eino_curves_03, eino_curves_03,
          serial_shops, nicolae_shop_competitors_out_of_business, uniq_grinder
Temple:   dpeg_five_rooms_temple

Skill      XL: |  1  2  3  4  5  6  7  8 |
---------------+-------------------------+-----
Conjurations   | 2 3 4 |  4.1
Short Blades   | 1 2 3 |  3.1
Air Magic      | 1 |  1.0
Poison Magic   | 1 3 |  3.1
Stealth        | 4 5 7 |  7.4
Dodging        | 3 5 |  5.0
Hexes          | 4 5 |  5.9
Fighting       | 1 |  1.9
Spellcasting   | |  4.4
Summonings     | |  1.1
Translocations | |  1.1

Action                   |  1- 3 |  4- 6 |  7- 9 || total
-------------------------+-------+-------+-------++-------
Melee: Dagger            |    18 |    80 |    86 ||   184
 Cast: Magic Dart        |   119 |   132 |    67 ||   318
       Mephitic Cloud    |       |    18 |    16 ||    34
       Blink             |       |     1 |     1 ||     2
       Ensorcelled Hiber |       |       |     9 ||     9
       Confuse           |       |       |    20 ||    20
  Use: Scroll            |       |       |     1 ||     1
 Stab: Sleeping          |       |     2 |    12 ||    14
       Confused          |       |     6 |    14 ||    20
  Eat: Chunk             |     2 |     6 |     6 ||    14
       Royal jelly       |       |     1 |     1 ||     2
       Meat ration       |       |     1 |       ||     1
Armor: Robe              |     8 |     9 |     2 ||    19
Dodge: Dodged            |    19 |    43 |    26 ||    88

Vault maps used:
D:1:      dpeg_arrival_rooms_with_view
D:2:      lemuel_coloured_pillars_altar, okawaru_ov_weapons_minmay, uniq_terence
D:3:      serial_curves, eino_curves_02, eino_curves_02,
          nicolae_qazlal_general_emergency
D:4:      minmay_temple_entry_mist, hangedman_decor_points
D:5:      first_bread, minmay_holes, led_sif_pool
D:6:      serial_curves, eino_curves_04, eino_curves_03, eino_curves_03,
          serial_shops, nicolae_shop_competitors_out_of_business, uniq_grinder
Temple:   dpeg_five_rooms_temple

Table legend:
 A = Turns spent in this place as a percentage of turns spent in the entire game.
 B = Non-inter-level travel turns spent in this place as a percentage of non-inter-level travel turns spent in the entire game.
 C = Inter-level travel turns spent in this place as a percentage of turns spent in this place.
 D = Turns resting spent in this place as a percentage of non-inter-level travel turns spent in this place.
 E = Turns spent auto-exploring this place as a percentage of non-inter-level travel turns spent in this place.
 F = Non-inter-level travel turns spent in this place divided by the number of levels of this place that you've seen.
                   A       B       C       D       E      F
               +-------+-------+-------+-------+-------+----------------------
         Total | 100.0 | 100.0 |   0.4 |   3.8 |   8.0 | 358.7
       Dungeon |  98.1 |  98.1 |   0.4 |   3.9 |   7.5 | 410.7
        Temple |   1.9 |   1.9 |   2.1 |   0.0 |  29.8 |  47.0
               +-------+-------+-------+-------+-------+----------------------

Table legend:
 A = Kills in this place as a percentage of kills in entire the game.
 B = Kills by you in this place as a percentage of kills by you in the entire game.
 C = Kills by friends in this place as a percentage of kills by friends in the entire game.
 D = Other kills in this place as a percentage of other kills in the entire game.
 E = Experience gained in this place as a percentage of experience gained in the entire game.
 F = Experience gained in this place divided by the number of levels of this place that you have seen.
                   A       B       C       D       E      F
               +-------+-------+-------+-------+-------+----------------------
         Total | 100.0 | 100.0 |  -nan | 100.0 | 100.0 | 295.6
       Dungeon | 100.0 | 100.0 |  -nan | 100.0 | 100.0 | 344.8
               +-------+-------+-------+-------+-------+----------------------
